Map: Waterfall

Players

MeomaikA

  • Race: Zerg Zerg
  • Spawn Location: 1:00

Spirit - Winner!

  • Race: Terran Terran
  • Spawn Location: 7:00

Event: DreamHack SC2 Masters 2022 Atlanta (Offline)

VOD

Have the link to the VOD?

Description

Time

  • Played on: Nov. 18, 2022, 7:19 p.m.
  • Length: 10:48

All games in this series

Show
View Real Time Build Order
Export as new Build Order

MeomaikA Zerg 

Build Orders: Pool First 

Get SALT Encoding   

  12  0:00  Drone  
  13  0:12  Overlord  
  13  0:17  Drone  
  14  0:31  Drone x2  
  14  0:34  Drone  
  17  0:44  Spawning Pool  
  17  0:49  Drone  
  17  1:09  Hatchery  
  16  1:12  Drone  
  16  1:13  Extractor  
  16  1:16  Drone  
  17  1:31  Zergling x2, Roach Warren  
  17  1:33  Zergling x2  
  18  1:44  Queen  
  20  1:53  Overlord  
  20  2:13  Roach x3  
  26  2:21  Roach  
  28  2:24  Zergling x2  
  29  2:34  Zergling x2  
  29  2:35  Zergling x2  
  31  2:46  Drone x2  
  31  2:51  Drone x3  
  34  2:54  Drone  
  35  2:59  Drone  
  36  3:07  Spore Crawler  
  36  3:14  Overlord  
  36  3:25  Overlord  
  36  3:32  Drone  
  36  3:33  Drone x3  
  40  3:38  Drone  
  40  3:40  Drone  
  40  3:41  Drone x2  
  43  3:44  Queen  
  43  3:47  Drone  
  47  3:52  Drone  
  47  3:53  Metabolic Boost  
  48  3:56  Drone  
  48  3:58  Drone  
  48  4:01  Drone  
  51  4:04  Drone  
  52  4:11  Overlord  
  52  4:22  Overlord  
  52  4:33  Overlord x2  
  52  4:38  Hatchery  
  50  4:41  Zergling x2  
  50  4:42  Overlord  
  51  4:49  Overlord  
  51  4:50  Lair  
  51  4:53  Drone  
  51  4:54  Zergling x4, Drone, Evolution Chamber  
  51  4:55  Evolution Chamber  
  51  4:57  Queen  
  55  5:00  Zergling x4  
  57  5:08  Zergling x6  
  57  5:10  Drone x2  
  57  5:11  Drone, Extractor  
  62  5:15  Overlord  
  62  5:18  Drone  
  62  5:21  Spore Crawler  
  61  5:22  Spore Crawler  
  61  5:24  Zergling x4  
  62  5:31  Zerg Ground Armor Level 1  
  62  5:32  Drone  
  63  5:40  Drone x2  
  65  5:44  Drone x3  
  65  5:45  Extractor  
  65  5:49  Hydralisk Den, Overlord  
  66  5:50  Zergling x2  
  66  5:54  Drone x2  
  66  5:56  Drone  
  70  5:57  Overseer  
  70  6:00  Drone  
  70  6:01  Drone  
  70  6:03  Drone  
  73  6:08  Drone x2  
  73  6:09  Drone  
  74  6:12  Drone x2  
  74  6:13  Drone  
  74  6:17  Evolution Chamber  
  76  6:19  Drone  
  76  6:24  Muscular Augments, Baneling Nest  
  76  6:32  Drone x3  
  79  6:33  Extractor  
  79  6:34  Drone x4  
  82  6:45  Hydralisk, Hatchery  
  83  6:50  Hydralisk  
  83  6:51  Hydralisk  
  83  6:53  Overlord  
  87  6:55  Zerg Melee Weapons Level 1  
  87  6:57  Zergling x2  
  87  6:58  Zergling x2  
  89  7:04  Zergling x2, Overlord  
  89  7:05  Overlord  
  89  7:17  Hydralisk x4  
  89  7:19  Zergling x2  
  98  7:23  Zergling x2  
  98  7:24  Hydralisk x4  
  98  7:26  Zergling x2  
  98  7:27  Zergling x2  
  98  7:28  Zergling x2  
  110  7:30  Centrifugal Hooks  
  110  7:32  Zergling x2  
  110  7:33  Zergling x2  
  110  7:36  Zergling x4  
  114  7:41  Overlord x2  
  114  7:49  Grooved Spines  
  112  8:07  Queen  
  112  8:09  Zergling x32  
  112  8:11  Zergling x4  
  130  8:18  Zergling x8  
  134  8:21  Zergling x2  
  134  8:22  Zergling x2  
  136  8:32  Overlord x3  
  134  8:35  Overlord  
  134  8:38  Overlord  
  134  8:41  Hatchery  
  133  8:57  Zergling x2  
  133  8:58  Zergling x14, Baneling  
  133  8:59  Baneling x17  
  133  9:02  Zergling x4  
  143  9:03  Zergling x2  
  143  9:06  Baneling x5  
  143  9:08  Zergling x2  
  145  9:10  Zergling x4  
  145  9:17  Baneling x11  
  147  9:19  Zergling x4  
  147  9:22  Zergling x4  
  147  9:23  Zergling x2  
  152  9:24  Zergling x2  
  152  9:29  Zergling x2  
  151  9:32  Zergling x8  
  151  9:36  Zergling x2, Baneling  
  156  9:41  Zergling x4  
  158  9:47  Zergling x4  
  158  9:51  Zergling x4  
  137  9:54  Zergling x4  
  137  9:55  Zergling x2  
  137  9:57  Hydralisk  
  137  9:58  Hydralisk  
  137  9:59  Zergling x2  
  117  10:09  Overlord  
  117  10:10  Hydralisk  
  117  10:11  Hydralisk x4  
  117  10:13  Spawning Pool  
  126  10:20  Hydralisk  
  126  10:21  Hydralisk  
Show
View Real Time Build Order
Export as new Build Order

Spirit Terran - Winner!

Build Orders: Reaper Expand 

Get SALT Encoding   

  12  0:00  SCV  
  13  0:12  SCV  
  14  0:17  Supply Depot  
  14  0:24  SCV  
  15  0:38  SCV  
  15  0:41  Barracks  
  16  0:44  Refinery  
  16  0:50  SCV  
  17  1:03  SCV  
  18  1:15  SCV  
  19  1:28  Reaper, Orbital Command  
  20  1:40  Command Center  
  20  1:48  Supply Depot  
  20  1:53  SCV  
  21  1:59  Marine  
  22  2:05  SCV  
  23  2:12  Factory  
  23  2:17  SCV, Marine  
  23  2:22  Bunker  
  26  2:30  SCV  
  26  2:36  Barracks Reactor  
  26  2:42  SCV  
  26  3:01  Orbital Command  
  26  3:02  Starport  
  26  3:03  SCV  
  29  3:09  Factory Tech Lab  
  29  3:12  Marine x2  
  29  3:15  SCV  
  30  3:20  Bunker  
  30  3:24  Orbital Command  
  30  3:27  SCV  
  30  3:29  Marine x2  
  30  3:32  Cyclone  
  35  3:39  SCV  
  36  3:43  Supply Depot  
  36  3:47  Marine  
  36  3:51  SCV  
  36  3:54  SCV  
  38  3:59  Command Center  
  38  4:05  SCV  
  38  4:08  Supply Depot  
  40  4:11  Siege Tank  
  40  4:12  Orbital Command  
  40  4:16  Marine  
  40  4:17  SCV, Marine  
  45  4:25  Barracks  
  45  4:29  SCV  
  46  4:40  Orbital Command  
  46  4:41  SCV  
  46  4:44  Refinery  
  46  4:45  Barracks  
  48  4:46  Supply Depot  
  48  4:47  Marine x2  
  49  4:53  SCV  
  50  5:05  Marine  
  50  5:06  SCV x2  
  52  5:11  Supply Depot  
  52  5:16  Siege Tank  
  52  5:17  Orbital Command  
  52  5:18  SCV  
  52  5:20  Barracks Tech Lab  
  52  5:21  SCV  
  54  5:29  Bunker  
  54  5:30  SCV  
  54  5:33  SCV  
  54  5:34  Barracks Tech Lab  
  56  5:39  Stimpack, Marine x2  
  56  5:42  SCV  
  59  5:43  Refinery  
  59  5:44  SCV  
  59  5:45  SCV  
  59  5:46  Refinery  
  61  5:50  Supply Depot  
  61  5:54  SCV  
  61  5:56  SCV  
  63  5:57  Starport  
  63  5:58  SCV  
  63  5:59  Factory Reactor  
  63  6:04  Engineering Bay  
  64  6:05  Supply Depot  
  64  6:06  Engineering Bay, SCV  
  64  6:08  SCV  
  64  6:10  SCV  
  67  6:14  Marine x3  
  67  6:17  Combat Shield  
  71  6:18  SCV  
  71  6:19  Marine  
  71  6:20  SCV  
  71  6:22  SCV  
  74  6:30  SCV  
  74  6:32  Marine x2  
  77  6:33  Barracks  
  77  6:35  Barracks, Terran Infantry Weapons Level 1  
  77  6:39  Terran Infantry Armor Level 1  
  77  6:41  Orbital Command  
  77  6:43  Missile Turret, Marine  
  77  6:45  Medivac  
  80  6:47  Marine  
  80  6:50  Marine x2  
  80  6:52  Supply Depot, SCV  
  84  6:56  SCV  
  84  7:01  Marine  
  85  7:04  SCV  
  85  7:05  Marine  
  85  7:06  Bunker, SCV  
  85  7:08  SCV, Marine  
  91  7:09  Marine  
  92  7:16  SCV  
  92  7:17  Supply Depot  
  92  7:18  SCV  
  92  7:19  Marine  
  92  7:20  SCV, Medivac  
  98  7:23  Marine  
  98  7:25  Medivac, Siege Tank  
  98  7:29  SCV  
  105  7:30  Supply Depot  
  105  7:32  Supply Depot  
  105  7:35  SCV  
  105  7:36  Supply Depot  
  106  7:38  Barracks Reactor  
  106  7:39  Barracks Reactor  
  106  7:42  Armory  
  106  7:44  SCV  
  106  7:45  SCV  
  106  7:46  Barracks Reactor  
  106  7:47  SCV  
  106  7:48  Marine x2  
  106  7:50  Medivac  
  113  7:53  Marine  
  113  7:56  SCV  
  115  8:00  Medivac  
  115  8:02  SCV  
  118  8:06  Marine x2  
  118  8:11  SCV, Marine  
  121  8:14  Marine  
  121  8:15  Refinery  
  121  8:16  Refinery, Marine  
  121  8:17  Command Center, Marine  
  123  8:20  Marine  
  123  8:24  Siege Tank, Marine x3  
  123  8:25  SCV  
  124  8:29  Marine  
  124  8:30  Marine  
  124  8:32  Marine  
  124  8:33  Marine  
  125  8:34  Marine  
  125  8:38  Factory, Marine  
  127  8:42  Marine x3  
  127  8:46  Medivac  
  127  8:47  Marine x2  
  132  8:50  Marine  
  132  8:51  Marine  
  132  8:52  Marine  
  135  8:56  Marine  
  135  8:59  Marine  
  135  9:00  Supply Depot, Marine x2  
  139  9:05  Supply Depot, Marine x2  
  139  9:09  Sensor Tower  
  141  9:17  Supply Depot x2  
  141  9:22  Marine x7  
  141  9:23  Barracks  
  148  9:26  Barracks, Marine  
  148  9:27  Medivac, Siege Tank, Marauder  
  148  9:28  SCV, Barracks  
  155  9:35  SCV x2  
  155  9:38  Siege Tank  
  160  9:40  SCV  
  161  9:48  Marine  
  161  9:49  Marauder  
  161  9:52  Marine  
  165  9:53  Marine x2  
  165  9:56  Marine x4  
  165  9:59  Siege Tank  
  163  10:05  Marine  
  152  10:07  SCV x2  
  152  10:09  Marine  
  152  10:10  Marine  
  152  10:11  Marine x2, Planetary Fortress  
  152  10:13  Marine x3  
  152  10:14  SCV, Marine  
  162  10:21  SCV  
  162  10:23  Barracks Tech Lab x3  
  167  10:30  Marine  
Tags
 
Add a new tag
Caveats
  • Supply blocks, unpowered buildings, or Contaminate may cause inaccurate times.
  • Supply counts are checked every 10 seconds.